 Dungeon Crawl Stone Soup version 0.27-a0-1149-g4505690ab0 (webtiles) character file.

Game seed: 57581226029403130

146 willcat the Skirmisher (level 5, -5/42 HPs)
             Began as a Mummy Abyssal Knight on May 13, 2021.
             Was a Believer of Lugonu.
             Killed from afar by an orc wizard (12 damage)
             ... with a puff of flame
             ... on level 3 of the Dungeon.
             The game lasted 00:03:07 (3059 turns).

willcat the Skirmisher (Mummy Abyssal Knight)       Turns: 3059, Time: 00:03:07

Health: -5/42      AC:  6    Str: 17    XL:     5   Next: 7%
Magic:  6/6        EV: 10    Int: 11    God:    Lugonu [**....]
Gold:   213        SH:  0    Dex: 11    Spells: 4/4 levels left

rFire    x . .     SeeInvis .   c - +1 falchion (protect)
rCold    + . .     Faith    .   (no shield)
rNeg     + + +     Spirit   .   f - +0 scale mail
rPois    ∞         Reflect  .   (no helmet)
rElec    .         Harm     .   (no cloak)
rCorr    .         Rampage  .   (no gloves)
Will     .....                  (no boots)
Stlth    ..........             (no amulet)
HPRegen  0.14/turn              (no ring)
MPRegen  0.10/turn              (no ring)

@: no status effects
A: cold resistance 1, negative energy resistance 3, torment resistance 2, heat
vulnerability 1, no potions
a: Renounce Religion, Depart the Abyss, Bend Space


You were on level 3 of the Dungeon.
You worshipped Lugonu.
Lugonu was pleased with you.
You visited 1 branch of the dungeon, and saw 3 of its levels.
You visited the Abyss 1 time.

You collected 213 gold pieces.

Inventory:

Hand Weapons
 a - a +1 spear
 c - a +1 falchion of protection (weapon)
Armour
 f - a +0 scale mail (worn)
Jewellery
 h - a ring of fire
Scrolls
 b - a scroll of identify {unknown}
 d - a scroll of enchant armour {unknown}
 e - 3 scrolls of teleportation {unknown}
 g - a scroll of noise {unknown}


   Skills:
 + Level 3.7 Fighting
 + Level 1.4 Long Blades
 - Level 1.5 Polearms
 + Level 2.3 Armour
 + Level 1.7 Dodging
 + Level 2.4 Invocations


You had 4 spell levels left.
You didn't know any spells.
Your spell library was empty.

Dungeon Overview and Level Annotations

Branches:
Dungeon (3/15)

Altars:

Shops:
D:3 =(!=


Innate Abilities, Weirdness & Mutations

You are immune to poison.
Your flesh is cold resistant. (rC+)
You are immune to negative energy. (rN+++)
You are immune to unholy pain and torment.
You are vulnerable to heat. (rF-)
You do not drink.


Message History

Your weapon exudes an aura of protection.
The dart slug is moderately wounded.
The dart slug bites you.
You slash the dart slug!
You kill the dart slug!
Lugonu accepts your kill.
You hit the orc wizard.
The orc wizard is moderately wounded.
The orc wizard barely misses you.
You hit the orc wizard.
The orc wizard is heavily wounded.
You closely miss the orc.
The orc wizard hits you with a +0 dagger.
The orc hits you but does no damage. The orc wizard barely misses you.
Unknown command.
Unknown command.
You hit the orc.
The orc is heavily wounded.
The orc hits you with a +0 mace.
* * * LOW HITPOINT WARNING * * *
The orc wizard gestures at itself while chanting.
The orc wizard flickers and vanishes!
You closely miss the orc.
The orc is heavily wounded.
The orc hits you with a +0 mace.
* * * LOW HITPOINT WARNING * * *
Unknown command.
You miss something.
Unknown command.
You barely miss something. Something hits you but does no damage.
Something hits you.
* * * LOW HITPOINT WARNING * * *
Unknown command.
You aren't carrying any items that you can evoke without wielding.
Unknown command.
You miss something.
You hear some strange, mumbled words.
A puff of flame appears from out of thin air!
The puff of flame hits you! The fire burns you terribly!
You die...

#...# #.#####.###
# #...# #.......#
#...# #######.####
#...# #.#..# #...#
#.#.##
#######.##########
#.#.###
.....w..o....†.oo#
#.....#
######...#######{#
###.### ##..# #@#
#..# #.## #.# ####
##### #.# #.#
....# #.# #.#
###.###.#### #..
###........# ##.
.##........# .
.##........# .#
..o..?.....#


You could see 2 orcs.

Vanquished Creatures
  7 adders
  2 worms (D:2)
  3 dart slugs
  4 bats
  4 endoplasms
  3 giant cockroaches
  9 goblins
  5 hobgoblins
  8 jackals (D:3)
  3 quokkas
  7 ball pythons
  A frilled lizard (D:1)
  7 kobolds
  5 rats
68 creatures vanquished.

Vanquished Creatures (others)
  A plant (D:1)
1 creature vanquished.

Grand Total: 69 creatures vanquished

Notes
Turn   | Place    | Note
-------+----------+-------------------------------------------
     0 | Abyss:1  | willcat the Mummy Abyssal Knight began the quest for the
                  | Orb.
     0 | Abyss:1  | Reached XP level 1. HP: 18/18 MP: 2/2
     4 | Abyss:1  | Found a corrupted altar of Lugonu.
    62 | Abyss:3  | Noticed a sixfirhy
    66 | Abyss:3  | Noticed a tentacled starspawn
    66 | Abyss:3  | Noticed a starcursed mass
    68 | D:1      | Escaped the Abyss
   270 | D:1      | Reached * piety under Lugonu
   276 | D:1      | Reached skill level 1 in Dodging
   485 | D:1      | Reached XP level 2. HP: 21/24 MP: 3/3
  1283 | D:2      | Reached XP level 3. HP: 16/29 MP: 4/4
  1582 | D:2      | Reached skill level 1 in Long Blades
  1858 | D:2      | Reached XP level 4. HP: 12/35 MP: 5/5
  2439 | D:3      | Found Jyitaroch's Antique Weapon Shop.
  2557 | D:3      | Found Qour's Jewellery Shop.
  2571 | D:3      | Reached ** piety under Lugonu
  2657 | D:3      | Found Mileoguge's Distillery.
  2993 | D:3      | Found Ecupseask's Jewellery Emporium.
  3037 | D:3      | Reached XP level 5. HP: 20/42 MP: 6/6
  3059 | D:3      | Killed from afar by an orc wizard

Illustrated notes

Levels and vault maps discovered:
D:1:      eino_arrival_water_cross, layout_basic, minmay_unequal
D:2:      layout_rooms, minmay_quadrilaterals
D:3:      layout_loops_cross, serial_shops, shop, nicolae_shop_crystal,
          nicolae_shop_behind_doors, shop, gup_sewer_entry_bubbles

Skill      XL: |  1  2  3 |
---------------+----------+-----
Dodging        | 1 |  1.7
Invocations    | 2 |  2.4
Armour         | 2 |  2.3
Long Blades    | 1 |  1.4
Fighting       | |  3.7
Polearms       | |  1.5

Action                   |  1- 3 |  4- 6 || total
-------------------------+-------+-------++-------
Melee: Falchion          |   110 |   119 ||   229
Invok: Depart the Abyss  |     1 |       ||     1
  Use: Scroll            |     1 |       ||     1
Armor: Leather armour    |    27 |       ||    27
       Scale mail        |    21 |    83 ||   104
Dodge: Dodged            |    78 |    71 ||   149
       Rpst.: Falchion   |    25 |    21 ||    46

Table legend: (Time is in decaauts)
 A = Elapsed time spent in this place.
 B = Non-inter-level travel time spent in this place.
 C = Inter-level travel time spent in this place.
 D = Time resting spent in this place.
 E = Time spent auto-exploring this place.
 F = Levels seen in this place.
 G = Mean time per level.
                   A        B        C        D        E       F      G
               +--------+--------+--------+--------+--------+-----+--------+
         Total |   3115 |   3058 |     57 |    347 |   2135 |   6 |  519.2 |
       Dungeon |   3048 |   2991 |     57 |    347 |   2133 |   3 | 1016.0 |
         Abyss |     67 |     67 |      0 |      0 |      2 |   3 |   22.3 |
               +--------+--------+--------+--------+--------+-----+--------+

Top non-repeatable levels by time:
     D:1: 1211 daAuts
     D:2: 1197 daAuts
     D:3: 639 daAuts
 Abyss:1: 28 daAuts
 Abyss:2: 22 daAuts
 Abyss:3: 16 daAuts
